 Dungeon Crawl Stone Soup version 0.20.0-15-g7f486f2 (webtiles) character file.

288 Chiseanne the Magician (level 6, 41/41 HPs)
             Began as a Demonspawn Wizard on June 15, 2017.
             Quit the game on level 4 of the Dungeon.
             The game lasted 00:05:06 (3095 turns).

Chiseanne the Magician (Demonspawn Wizard)          Turns: 3095, Time: 00:05:07

Health: 41/41      AC:  8    Str:  7    XL:     6   Next: 9%
Magic:  9/13       EV: 11    Int: 22    God:
Gold:   171        SH:  0    Dex: 11    Spells: 6/15 levels left

rFire    . . .     SeeInvis .   a - +2 hand axe (elec)
rCold    . . .     Gourm    .   (no shield)
rNeg     . . .     Faith    .   m - +0 troll leather armour {Purgy}
rPois    .         Spirit   .   (helmet restricted)
rElec    .         Reflect  .   l - +1 cloak
rCorr    .         Harm     .   (no gloves)
MR       .....                  (no boots)
Stlth    +.........             (no amulet)
Regen    0.6/turn               (no ring)
MPRegen  0.2/turn               (no ring)

@: no status effects
A: horns 1, thin metallic scales 1, spiny 2
a: no special abilities


You were on level 4 of the Dungeon.
You were hungry.

You visited 1 branch of the dungeon, and saw 4 of its levels.

You collected 171 gold pieces.

Inventory:

Hand Weapons
 a - a +2 hand axe of electrocution (weapon)
 f - a +0 trident of freezing
Missiles
 e - 16 poisoned needles
 i - 3 javelins (quivered)
 j - 50 bolts
 n - 8 tomahawks
 u - 23 arrows
Armour
 l - a +1 cloak (worn)
 m - a +0 troll leather armour (worn) {Purgy}
 v - a +0 helmet
Jewellery
 p - a cursed amulet of inaccuracy {unknown}
Scrolls
 k - a scroll of magic mapping {unknown}
 q - 2 scrolls of remove curse
Potions
 c - a potion of might {unknown}
 g - a potion of mutation
 h - a potion of lignification {unknown}
 o - a potion of brilliance {unknown}
 r - 2 potions of heal wounds {unknown}
Comestibles
 d - a bread ration
 s - 4 fruits
 t - a royal jelly


   Skills:
 - Level 1.7 Dodging
 - Level 1.7 Stealth
 * Level 5.0 Spellcasting
 * Level 4.2 Conjurations
   Level 1.0 Summonings
 - Level 0.8 Translocations


You had 6 spell levels left.
You knew the following spells:

 Your Spells              Type           Power        Failure   Level  Hunger
a - Magic Dart            Conj           ###.         2%          1    None
b - Blink                 Tloc           N/A          16%         2    None
c - Conjure Flame         Conj/Fire      ##......     19%         3    ##.....
d - Mephitic Cloud        Conj/Pois/Air  ##......     26%         3    ##.....


Dungeon Overview and Level Annotations

Branches:
Dungeon (4/15)
 Temple: D:4-7

Altars:


Innate Abilities, Weirdness & Mutations

You have a pair of small horns on your head.
You are partially covered in thin metallic scales. (AC +2)
You are mostly covered in sharp spines.


Message History

The worker ant is heavily wounded.
The worker ant is struck by your spines.
The worker ant misses you.
Casting: Magic Dart
Confirm with . or Enter, or press ? or * to list all spells.
Aiming: Magic Dart
Press: ? - help, Shift-Dir - straight line, f/p - worker ant
Aim: a worker ant (heavily wounded)
The magic dart hits the worker ant.
The worker ant is severely wounded.
The worker ant is struck by your spines.
You kill the worker ant!
Your Spellcasting skill increases to level 5!
You have reached level 6!
Your experience leads to an increase in your attributes!
Increase (S)trength, (I)ntelligence, or (D)exterity?
You feel clever.
Your demonic ancestry asserts itself...
A pair of horns grows on your head!
Your +0 helmet falls away!
The adder closely misses you.
Are you sure you want to abandon this character and quit the game? (Confirm with "yes".)

# ##. #.. #.#
#.# .. #S# ..##
##@# #..## ##..#
#...## ##..##
##...#####..##
####..........##
............###
...........##
......[...##
#######...##


You could see an adder.

Vanquished Creatures
  Purgy (D:3)
  A howler monkey (D:3)
  A centaur skeleton (D:3)
  A worker ant (D:4)
  4 adders
  2 oozes
  2 dart slugs (D:3)
  2 leopard geckos
  3 orcs (D:3)
  A giant cockroach (D:3)
  5 goblins (D:3)
  6 hobgoblins
  2 jackals (D:1)
  3 quokkas
  A bat (D:3)
  5 frilled lizards
  12 kobolds
  8 rats
60 creatures vanquished.

Notes
Turn   | Place    | Note
-------+----------+-------------------------------------------
     0 | D:1      | Chiseanne the Demonspawn Wizard began the quest for the Orb.
     0 | D:1      | Reached XP level 1. HP: 13/13 MP: 4/4
   635 | D:1      | Gained mutation: You are partially covered in thin metallic scales. (AC +2) [demonic ancestry]
   635 | D:1      | Reached XP level 2. HP: 19/19 MP: 0/6
  1361 | D:2      | Gained mutation: You are partially covered in sharp spines. [demonic ancestry]
  1361 | D:2      | Reached XP level 3. HP: 12/24 MP: 0/8
  1620 | D:2      | Learned a level 2 spell: Blink
  1624 | D:2      | Learned a level 3 spell: Conjure Flame
  1628 | D:2      | Learned a level 3 spell: Mephitic Cloud
  1976 | D:3      | Reached skill level 4 in Spellcasting
  1976 | D:3      | Gained mutation: You are mostly covered in sharp spines. [demonic ancestry]
  1976 | D:3      | Reached XP level 4. HP: 26/30 MP: 10/10
  1982 | D:3      | Noticed Purgy
  2275 | D:3      | Killed Purgy
  2275 | D:3      | Reached XP level 5. HP: 16/35 MP: 0/12
  3094 | D:4      | Reached skill level 5 in Spellcasting
  3094 | D:4      | Gained mutation: You have a pair of small horns on your head. [demonic ancestry]
  3094 | D:4      | Reached XP level 6. HP: 41/41 MP: 9/13
  3095 | D:4      | Quit the game

Skill      XL: |  1  2  3  4  5 |
---------------+----------------+-----
Conjurations   | 2 3 4 |  4.2
Spellcasting   | 4 5 |  5.0
Dodging        | |  1.7
Stealth        | |  1.7
Summonings     | |  1.0
Translocations | |  0.8

Action                   |  1- 3 |  4- 6 || total
-------------------------+-------+-------++-------
Melee: Spear             |    21 |       ||    21
       Hand axe          |    13 |    19 ||    32
 Cast: Magic Dart        |    66 |    46 ||   112
       Mephitic Cloud    |       |     2 ||     2
       Blink             |       |     1 ||     1
  Use: Scroll            |     3 |     4 ||     7
 Stab: Sleeping          |     1 |       ||     1
  Eat: Chunk             |     3 |     3 ||     6
Armor: Robe              |     3 |       ||     3
       Leather armour    |     8 |     6 ||    14
       Troll leather arm |       |     2 ||     2
Dodge: Dodged            |    36 |    19 ||    55
